 Dungeon Crawl Stone Soup version 0.24.0-13-gcf9b3192b9 (webtiles) character file.

Game seed: 16778920886129947572, levelgen mode: deterministic

30687 TsetAccount the Severer (level 13, -3/107 HPs)
             Began as a Red Draconian Berserker on Nov 10, 2019.
             Was an Elder of Trog.
             Slain by an eight-headed hydra (16 damage)
             ... on level 5 of the Lair of Beasts.
             The game lasted 00:26:52 (17949 turns).

TsetAccount the Severer (Red Draconian Berserker)  Turns: 17949, Time: 00:26:52

Health: -3/107     AC: 12    Str: 24    XL:     13   Next: 21%
Magic:  13/13      EV: 18    Int:  8    God:    Trog [****..]
Gold:   1059       SH: 17    Dex: 11    Spells: 12/12 levels left

rFire    + + .     SeeInvis .   H - +8 whip "Snakebite" {curare, rPois}
rCold    . . .     Gourm    .   D - +0 shield
rNeg     . . .     Faith    .   (armour unavailable)
rPois    +         Spirit   .   (helmet restricted)
rElec    .         Reflect  +   (no cloak)
rCorr    .         Harm     .   M - +0 pair of gloves
MR       .....                  v - +2 pair of boots
Stlth    ++++......             A - +6 amulet of reflection
HPRegen  0.27/turn              n - +2 ring of evasion
MPRegen  0.13/turn              B - ring of protection from fire

@: studying Stealth
A: breathe fire, unfitting armour, fire resistance 1, cold-blooded, AC +8
a: Breathe Fire, Berserk, Trog's Hand, Brothers in Arms, Renounce Religion


You were on level 5 of the Lair of Beasts.
You worshipped Trog.
Trog was greatly pleased with you.
You were hungry.

You visited 2 branches of the dungeon, and saw 18 of its levels.

You collected 1080 gold pieces.
You spent 21 gold pieces at shops.

Inventory:

Hand Weapons
 y - a +1 battleaxe
 E - the +7 great mace "Firestarter" {inner flame, rF++}
   (You found it on level 10 of the Dungeon)

   It has been specially enchanted to burn those struck by it, causing extra
   injury to most foes and up to half again as much damage against particularly
   susceptible opponents.
   It greatly protects you from fire.
 G - a +3 war axe of electrocution
 H - the +8 whip "Snakebite" (weapon) {curare, rPois}
   (You found it on level 3 of the Lair of Beasts)

   It poisons the flesh of those it strikes.
   It protects you from poison.
 O - a +2 vampiric war axe
Missiles
 a - a throwing net
 h - 49 poisoned darts (quivered)
Armour
 v - a +2 pair of boots (worn)
 D - a +0 shield (worn)
 M - a +0 pair of gloves (worn)
Jewellery
 n - a +2 ring of evasion (left hand)
 A - a +6 amulet of reflection (around neck)
 B - a ring of protection from fire (right hand)
 J - a +3 ring of protection {unknown}
 R - an uncursed ring of ice
 T - an uncursed ring of ice
Wands
 g - a wand of flame (22)
 q - a wand of random effects (14)
 w - a wand of scattershot (10)
 x - a wand of polymorph (34)
 I - a wand of digging (3)
 U - a wand of enslavement (7)
Scrolls
 c - 10 scrolls of remove curse
 f - a scroll of fog
 i - 6 scrolls of teleportation
 k - 6 scrolls of identify
 l - 2 scrolls of immolation
 u - 5 scrolls of blinking
 C - a scroll of vulnerability
 K - a scroll of fear
 V - a scroll of enchant weapon
 W - a scroll of enchant armour {unknown}
Potions
 d - 4 potions of heal wounds
 e - a potion of ambrosia {unknown}
 j - a potion of mutation
 m - 4 potions of haste
 o - 3 potions of brilliance
 p - 3 potions of agility
 r - 3 potions of flight
 s - 2 potions of curing
 t - 2 potions of berserk rage
 z - 3 potions of cancellation
 N - 2 potions of might
 Q - a potion of resistance
 S - a potion of degeneration {unknown}
Books
 L - a manual of Stealth
Miscellaneous
 F - a lamp of fire
Comestibles
 b - 25 rations
 P - 17 chunks of flesh


   Skills:
 - Level 8.1 Fighting
 * Level 15.1 Axes
 + Level 10.5 Dodging
 + Level 9.3 Stealth
 + Level 8.3 Shields


You had 12 spell levels left.
You didn't know any spells.
Your spell library was empty.

Dungeon Overview and Level Annotations

Branches:
Dungeon (12/15)            Temple (0/1) D:7            Lair (6/6) D:10
  Swamp (0/4) Lair:4        Snake (0/4) Lair:3        Slime (0/5) Lair:6
    Orc (0/2) D:10

Altars:
Ashenzari
Elyvilon
Gozag
Okawaru
Qazlal
Ru
Trog
Yredelemnul
The Shining One
Jiyva

Shops:
D:10 (*}*

Annotations:
D:8 2 transporters, ilikeclowns's ghost, novice HOFi


Innate Abilities, Weirdness & Mutations

You can breathe blasts of fire.
Your fiery red scales are hard. (AC +8)
You cannot fit into any form of body armour.
Your flesh is heat resistant. (rF+)
You are cold-blooded and may be slowed by cold attacks.


Message History

You block the wolf's attack. The eight-headed hydra misses you.
The eight-headed hydra bites you!! The eight-headed hydra bites you.
You block the eight-headed hydra's attack. x2
The eight-headed hydra barely misses you.
The eight-headed hydra closely misses you.
The eight-headed hydra completely misses you.
You barely miss the eight-headed hydra.
The eight-headed hydra is almost dead.
You block the wolf's attack. x2
Your ogre goes berserk!
You are feeling hungry.
Trog will no longer gift you weapons. The wolf closely misses you.
You block the wolf's attack. x2
You block the eight-headed hydra's attack.
The eight-headed hydra bites you!
* * * LOW HITPOINT WARNING * * *
The eight-headed hydra bites you!
* * * LOW HITPOINT WARNING * * *
The eight-headed hydra bites you!
You die...

...##....# ........#
....... ....8...###
##....... #.........#
.(P...... #.8...8.#.
####(.P.$... ........#
#.....Phh... #...8...#
###.....O...#
#.......###.#..hDh..P#
...###.....#...h@h...#
......#.....#.......P#
..#...#..!8........P###
.##.P....#.........P...
.####.).................
### #...................
#.###.....[..รท..........
..#.#....P..............
#......................


You could see an eight-headed hydra, 6 wolves and a friendly ogre (berserk).

Vanquished Creatures
  A fire dragon (D:10)
  Fannar (Lair:2)
  3 two-headed ogres
  A cyclops (D:11)
  A manticore (D:12)
  14 elephants
  3 black mambas (Lair:3)
  Joseph (D:10)
  5 spiny frogs
  3 centaur skeletons
  A rime drake (Lair:4)
  3 komodo dragons
  3 trolls
  3 polar bears (Lair:4)
  4 blink frogs (Lair:4)
  Grinder (D:4)
  5 hippogriffs
  20 yaks
  A vampire (D:10)
  2 basilisks (Lair:4)
  5 fire bats
  8 vampire mosquitoes
  2 nagas (Lair:3)
  2 wargs (D:10)
  Edmund (D:6)
  14 water moccasins
  7 porcupines
  3 black bears
  5 orc warriors
  2 phantoms
  4 sky beasts
  3 ogres
  9 centaurs
  4 boggarts (Lair:4)
  2 wolves (Lair:4)
  7 crocodiles
  11 bullfrogs
  A gnoll sergeant (D:11)
  A wyvern zombie (D:11)
  4 scorpions
  4 killer bees
  8 wights
  2 electric eels (Lair:4)
  2 quasits
  3 centaur zombies
  3 crimson imps
  3 orc wizards
  2 bullfrog skeletons
  5 jellies
  5 orc priests
  5 hounds
  4 iguanas
  5 worker ants
  2 hound skeletons
  A hound zombie (D:6)
  2 worker ant zombies
  3 gnolls (D:11)
  10 adders
  2 shadow imps
  6 oozes
  An adder skeleton (D:7)
  An adder zombie (D:7)
  2 worms
  A dart slug (D:2)
  4 leopard geckos
  36 orcs
  3 ball pythons
  5 giant cockroaches
  8 goblins
  9 hobgoblins
  5 jackals (D:2)
  2 quokkas
  4 bats
  4 frilled lizards
  A giant cockroach zombie (D:6)
  11 kobolds
  10 rats
  A fungus (D:10)
  2 plants (Lair:4)
358 creatures vanquished.

Vanquished Creatures (collateral kills)
  A blink frog (Lair:4)
1 creature vanquished.

Vanquished Creatures (others)
  10 fungi
  7 plants
17 creatures vanquished.

Grand Total: 376 creatures vanquished

Notes
Turn   | Place    | Note
-------+----------+-------------------------------------------
     0 | D:1      | TsetAccount the Draconian Berserker began the quest for the
                  | Orb.
     0 | D:1      | Reached XP level 1. HP: 19/19 MP: 1/1
   272 | D:1      | Reached XP level 2. HP: 24/27 MP: 2/2
   687 | D:1      | Reached XP level 3. HP: 33/34 MP: 3/3
   809 | D:2      | Reached ** piety under Trog
   858 | D:2      | Reached skill level 5 in Fighting
  1039 | D:2      | Found an iron altar of Okawaru.
  1090 | D:2      | Reached XP level 4. HP: 35/42 MP: 4/4
  1865 | D:3      | Found a stormy altar of Qazlal.
  1996 | D:3      | Found a sacrificial altar of Ru.
  2065 | D:3      | Reached XP level 5. HP: 46/51 MP: 5/5
  2715 | D:4      | Found an opulent altar of Gozag.
  2930 | D:4      | Found a white marble altar of Elyvilon.
  3086 | D:4      | Noticed Grinder
  3106 | D:4      | Paralysed by Grinder for 5 turns
  3220 | D:4      | Killed Grinder
  3220 | D:4      | Reached XP level 6. HP: 52/61 MP: 6/6
  3616 | D:5      | Entered Level 5 of the Dungeon
  4056 | D:5      | Your scales start taking on a fiery red colour.
  4056 | D:5      | Reached XP level 7. HP: 68/68 MP: 7/7
  4056 | D:5      | Gained mutation: Your flesh is heat resistant. (rF+) [Red
                  | Draconian growth]
  4057 | D:5      | Reached *** piety under Trog
  4254 | D:5      | Reached skill level 4 in Axes
  4854 | D:6      | Reached skill level 5 in Axes
  5706 | D:6      | Noticed Edmund
  5717 | D:6      | Killed Edmund
  5717 | D:6      | Reached skill level 6 in Axes
  5717 | D:6      | Reached XP level 8. HP: 74/74 MP: 8/8
  6367 | D:7      | Found a shattered altar of Ashenzari.
  6509 | D:7      | Found a staircase to the Ecumenical Temple.
  6696 | D:7      | Reached skill level 7 in Axes
  6906 | D:7      | Identified the Guide on Toxic Dislocation
  7000 | D:7      | Reached skill level 5 in Dodging
  7228 | D:8      | Identified the +8 dire flail "Vemilygu" {venom, rElec rC-
                  | Str+8 Int+4}
  7229 | D:8      | Noticed a moth of wrath
  7230 | D:8      | Noticed ilikeclowns's ghost (novice HOFi)
  7238 | D:8      | Found a transporter.
  7314 | D:8      | Reached skill level 8 in Axes
  7365 | D:8      | Found a transporter.
  7377 | D:8      | Found a bloodstained altar of Trog.
  7412 | D:8      | Reached XP level 9. HP: 81/81 MP: 9/9
  7928 | D:9      | Reached skill level 9 in Axes
  8077 | D:9      | Noticed a troll
  8084 | D:9      | Killed a troll
  8195 | D:9      | Found an opulent altar of Gozag.
  8238 | D:9      | Reached **** piety under Trog
  8485 | D:9      | Found a glowing golden altar of the Shining One.
  8620 | D:9      | Reached skill level 10 in Axes
  9259 | D:10     | Entered Level 10 of the Dungeon
  9294 | D:10     | Noticed a two-headed ogre
  9303 | D:10     | Killed a two-headed ogre
  9303 | D:10     | Reached XP level 10. HP: 81/88 MP: 10/10
  9456 | D:10     | Found Lizozuot's Assorted Antiques.
  9466 | D:10     | Found Bureciq's Gadget Boutique.
  9493 | D:10     | Noticed a fire dragon
  9506 | D:10     | Reached skill level 11 in Axes
  9508 | D:10     | Reached skill level 1 in Shields
  9522 | D:10     | Killed a fire dragon
 10039 | D:10     | Found the +7 great mace "Firestarter" {inner flame, rF++}
 10081 | D:10     | Noticed Joseph
 10122 | D:10     | Killed Joseph
 10232 | D:10     | Found Cimnicw's Assorted Antiques.
 10248 | D:10     | Bought a scroll labeled DEELIM LEUM for 21 gold pieces
 10263 | D:10     | Noticed a two-headed ogre
 10280 | D:10     | Reached skill level 12 in Axes
 10290 | D:10     | Killed a two-headed ogre
 10502 | D:10     | Found Qiuc's Antique Weapon Emporium.
 10766 | D:10     | Found a staircase to the Orcish Mines.
 10792 | D:10     | Reached XP level 11. HP: 94/94 MP: 11/11
 11242 | D:10     | Found a staircase to the Lair.
 11632 | D:11     | Found a basalt altar of Yredelemnul.
 11655 | D:11     | Reached skill level 1 in Stealth
 11697 | D:11     | Reached skill level 5 in Shields
 11843 | D:11     | Reached ***** piety under Trog
 11988 | D:11     | Reached skill level 13 in Axes
 12058 | D:11     | Noticed a two-headed ogre
 12066 | D:11     | Killed a two-headed ogre
 12267 | D:11     | Received a gift from Trog
 12490 | D:12     | Noticed a white ugly thing
 12553 | Lair:1   | Entered Level 1 of the Lair of Beasts
 13457 | Lair:2   | Reached skill level 5 in Stealth
 13666 | Lair:2   | Noticed Fannar
 13675 | Lair:2   | Killed Fannar
 13675 | Lair:2   | Reached XP level 12. HP: 91/101 MP: 12/12
 14534 | Lair:3   | Reached skill level 14 in Axes
 14956 | Lair:3   | Found the +8 whip "Snakebite" {curare, rPois}
 15184 | Lair:3   | Found a staircase to the Snake Pit.
 15222 | Lair:3   | Reached skill level 10 in Dodging
 15436 | Lair:3   | You fall into a shaft and drop 3 floors!
 15436 | Lair:6   | Entered Level 6 of the Lair of Beasts
 15441 | Lair:6   | Found a viscous altar of Jiyva.
 15442 | Lair:6   | Found a staircase to the Slime Pits.
 17123 | Lair:4   | Reached XP level 13. HP: 107/107 MP: 13/13
 17244 | Lair:4   | Found a staircase to the Swamp.
 17345 | Lair:4   | Reached skill level 15 in Axes
 17949 | Lair:5   | Slain by an eight-headed hydra

Levels and vault maps discovered:
D:1:      sevenhm_arrival_forest_fort_small_3, layout_loops_ring
D:2:      layout_basic, okawaru_trees_1
D:3:      layout_basic, nicolae_ru_great_annihilating_truth,
          grunt_qazlal_sundering
D:4:      layout_basic, lemuel_doored_altar, lemuel_round_altar, uniq_grinder
D:5:      layout_gridville, first_ration
D:6:      layout_layer_cave, uniq_edmund
D:7:      layout_loops_corners, nicolae_ashenzari_panopticon,
          minmay_temple_entry_trees
D:8:      layout_cave_pools, gammafunk_ghost_wrathful_warriors
D:9:      layout_roguey, nicolae_tso_carved_into_rock, minivault_26,
          hangedman_little_slice_of_home, grunt_gozag_breadcrumbs
D:10:     minmay_firetagon, layout_long_grid, grunt_lair_entry_orc_guard_hut,
          david_orc_1_choice, serial_shops, shop, nicolae_shop_behind_doors,
          nicolae_shop_behind_doors, shop, corexii_corridor_pit, uniq_joseph
D:11:     layout_roguey, basic_altar
D:12:     layout_cave_pools, serial_shops, nicolae_shop_stone
Lair:1:   layout_roguey, grunt_megastairs_2, lemuel_fruit_fields
Lair:2:   layout_hall_layers, grunt_megastairs_5, uniq_fannar
Lair:3:   minmay_guarded_unrand_snakebite, layout_hall_layers,
          guppyfry_snake_entry_garden
Lair:4:   layout_loops_ring, minmay_swamp_entry_swarm, kilobyte_rumbling_trees,
          wad_woods_river_01, grunt_megastairs_3, infiniplex_staircase_pool,
          lemuel_fruit_tree
Lair:5:   layout_hall_layers, basic_altar, grunt_megastairs_4,
          infiniplex_staircase_pool_2, serial_bayou_shore_b
Lair:6:   guppyfry_lair_end_dragon, layout_layer_cave,
          hangedman_lair_tendril_chambers, slime_altar_1

Skill      XL: |  1  2  3  4  5  6  7  8  9 10 11 12 13 |
---------------+----------------------------------------+-----
Fighting       | 4 5 6 8 |  8.1
Dodging        | 3 4 5 7 8 9 10 | 10.5
Axes           | 6 8 10 12 13 14 15 | 15.1
Shields        | 4 6 7 8 |  8.3
Stealth        | 5 8 9 |  9.3

Action                   |  1- 3 |  4- 6 |  7- 9 | 10-12 | 13-15 || total
-------------------------+-------+-------+-------+-------+-------++-------
Melee: Hand axe          |    88 |   105 |       |       |       ||   193
       Tailslap          |    13 |    21 |    39 |   103 |    35 ||   211
       War axe           |       |    54 |   132 |   722 |   148 ||  1056
       Unarmed           |       |     2 |       |       |       ||     2
       Battleaxe         |       |       |   144 |       |       ||   144
       Whip              |       |       |       |       |     7 ||     7
Throw: Dart              |       |       |     6 |    18 |     4 ||    28
Invok: Berserk           |     2 |     4 |    11 |     9 |       ||    26
       Trog's Hand       |       |     2 |       |     3 |     1 ||     6
       Brothers in Arms  |       |       |       |     1 |     1 ||     2
 Abil: Breathe Fire      |       |       |       |     2 |       ||     2
Evoke: Wand              |       |       |       |     6 |       ||     6
       Lamp of fire      |       |       |       |     2 |       ||     2
  Use: Scroll            |       |       |    15 |    10 |       ||    25
       Potion            |       |       |       |     2 |       ||     2
 Stab: Sleeping          |     1 |       |       |    12 |     3 ||    16
       Paralysed         |       |     3 |       |       |       ||     3
  Eat: Chunk             |     2 |    10 |    33 |    21 |     3 ||    69
       Ration            |       |     1 |     1 |     2 |       ||     4
Armor: Skin              |    25 |    58 |    98 |   140 |    24 ||   345
Dodge: Dodged            |    55 |   132 |   263 |   377 |    77 ||   904
Block: Shield            |       |       |       |   669 |   158 ||   827
       Reflection        |       |       |       |    15 |       ||    15
